 Dungeon Crawl Stone Soup version 0.25.1-2-g60ff931df9 (webtiles) character file.

Game seed: 12361571510279441072

755838 Morbidden the Slayer (level 27, -29/179 HPs)
             Began as a Vine Stalker Assassin on Aug 5, 2020.
             Was an Initiate of Gozag.
             Killed from afar by an orb of fire (33 damage)
             ... with a fireball
             ... on level 5 of the Realm of Zot on Aug 6, 2020.
             The game lasted 03:46:43 (67164 turns).

Morbidden the Slayer (Vine Stalker Assassin)       Turns: 67164, Time: 03:46:44

Health: -29/179    AC: 28    Str: 36    XL:     27
Magic:  0/47       EV: 28    Int: 13    God:    Gozag
Gold:   2852       SH: 10    Dex: 21    Spells: 55/65 levels left

rFire    . . .     SeeInvis +   b - +12 Vampire's Tooth {vamp}
rCold    + + .     Gourm    .   X - +2 buckler "Kattetog" {rPois Slay+4}
rNeg     + + +     Faith    .   n - +4 shadow dragon scales "Kumytokho" {rF- Regen+ Str+8 Dex+4 Stlth++++}
rPois    +         Spirit   +   x - -2 hat of the Alchemist {rElec rPois rF+ rC+ rN+ MR+ rMut rCorr}
rElec    +         Reflect  .   V - +2 cloak of the Thief {+Fog Slay-2 SInv Stlth+}
rCorr    +         Harm     .   o - +2 pair of gloves "Biyvoeza" {Str+6}
rMut     +         Rnd*Rage +   g - +2 pair of boots {run}
MR       ++++.                  s - amulet of Vitality {Regen+ HP+15}
Stlth    +++++++++.             r - ring "Han Vel" {rC+ rN++ EV+4 Slay+4}
HPRegen  1.99/turn              C - +4 ring of slaying
MPRegen  0.30/turn

@: mighty, about to teleport, marked, gold aura, studying Long Blades, quick
A: fangs 3, berserk 1, dopey 1, regeneration 2, magic shield, antimagic bite, no
potion heal 3, rot immunity
}: 4/15 runes: serpentine, barnacled, slimy, silver
a: Potion Petition, Call Merchant, Bribe Branch, Renounce Religion, Evoke Fog


You were on level 5 of the Realm of Zot.
You worshipped Gozag.
Gozag was most pleased with you.
You were not hungry.

You visited 13 branches of the dungeon, and saw 59 of its levels.
You also visited: Trove, Sewer, Ice Cave, Wizlab and Desolation.

You collected 23080 gold pieces.
You spent 8633 gold pieces at shops.
You paid 11595 gold pieces to Gozag.

Inventory:

Hand Weapons
 a - the +7 demon blade of Termination {vamp, rN+}
   (You acquired it on level 14 of the Dungeon)

   It inflicts no extra harm, but heals its wielder when it wounds a living foe.
   It protects you from negative energy.
 b - the +12 Vampire's Tooth (weapon) {vamp}
   (You bought it in a shop on level 4 of the Depths)

   It inflicts no extra harm, but heals its wielder when it wounds a living foe.
 c - a +1 double sword of venom
Missiles
 i - 118 boomerangs
 N - 49 javelins
 R - 12 poisoned darts
 T - 88 silver javelins (quivered)
Armour
 g - a +2 pair of boots of running (worn)
 n - the +4 shadow dragon scales "Kumytokho" (worn) {rF- Regen+ Str+8 Dex+4 Stlth++++}
   (Okawaru gifted it to you on level 13 of the Dungeon)

   It affects your strength (+8).
   It affects your dexterity (+4).
   It makes you vulnerable to fire.
   It increases your rate of regeneration.
   It makes you much more stealthy.
 o - the +2 pair of gloves "Biyvoeza" (worn) {Str+6}
   (You found it on level 1 of the Depths)

   It affects your strength (+6).
 v - a +2 tower shield of protection
 w - a +2 pair of boots of flying
 x - the -2 hat of the Alchemist (worn) {rElec rPois rF+ rC+ rN+ MR+ rMut rCorr}
   (You found it in a wizard's laboratory)

   It protects you from fire.
   It protects you from cold.
   It insulates you from electricity.
   It protects you from poison.
   It protects you from negative energy.
   It affects your resistance to hostile enchantments.
   It provides partial protection from all sources of acid and corrosion.
   It protects you from mutation.
 I - the +8 orange crystal plate armour {Archmagi, Int+3 Clar}
   (You bought it in a shop on level 2 of the Depths)

   It affects your intelligence (+3).
   It protects you against confusion.
 V - the +2 cloak of the Thief (worn) {+Fog Slay-2 SInv Stlth+}
   (You found it in the Desolation of Salt)

   It affects your accuracy and damage with ranged weapons and melee attacks
   (-2).
   It lets you see invisible.
   It makes you more stealthy.
 X - the +2 buckler "Kattetog" (worn) {rPois Slay+4}
   (You bought it in a shop on level 2 of the Depths)

   It affects your accuracy and damage with ranged weapons and melee attacks
   (+4).
   It protects you from poison.
Jewellery
 r - the ring "Han Vel" (left hand) {rC+ rN++ EV+4 Slay+4}
   (You found it in a treasure trove)

   [ring of evasion]

   It affects your evasion (+4).
   It affects your accuracy and damage with ranged weapons and melee attacks
   (+4).
   It protects you from cold.
   It greatly protects you from negative energy.
 s - the amulet of Vitality (around neck) {Regen+ HP+15}
   (You bought it in a shop on level 4 of the Depths)

   [amulet of regeneration]

   It affects your health (+15).
   It increases your rate of regeneration.
 C - a +4 ring of slaying (right hand)
Wands
 y - a wand of clouds (16)
 B - a wand of disintegration (87)
 M - a wand of acid (19)
 Q - a wand of iceblast (43)
 U - a wand of paralysis (72)
 W - a wand of digging (24)
Scrolls
 d - 7 scrolls of amnesia
 h - 21 scrolls of teleportation
 j - 3 scrolls of identify
 l - 24 scrolls of remove curse
 A - 6 scrolls of magic mapping
 D - 11 scrolls of enchant armour
 F - 9 scrolls of summoning
 H - 5 scrolls of fear
 O - 9 scrolls of enchant weapon
 Y - 3 scrolls of holy word
 Z - 5 scrolls of blinking
Potions
 e - 8 potions of ambrosia
 k - 5 potions of brilliance
 m - 11 potions of flight
 p - 3 potions of invisibility
 t - 2 potions of resistance
 z - 18 potions of curing
 E - 5 potions of cancellation
 J - 23 potions of mutation
 P - 5 potions of might
Books
 G - a manual of Long Blades
Miscellaneous
 q - 6 boxes of beasts
 u - 7 phantom mirrors
 K - a tin of tremorstones (3/3)
 S - a lightning rod (4/4)
Comestibles
 f - 67 rations


   Skills:
 * Level 23.3 Fighting
 + Level 9.7(15.8) Short Blades
 * Level 19.7(20.3) Long Blades
 + Level 10.1 Throwing
 * Level 12.9 Armour
 * Level 17.5 Dodging
 + Level 18.0 Stealth
 + Level 12.8 Shields
 * Level 19.8 Spellcasting
 - Level 10.0 Conjurations
 * Level 12.2 Fire Magic
 - Level 5.0 Earth Magic
   Level 9.3 Invocations
 + Level 2.6 Evocations


You had 55 spell levels left.
You knew the following spells:

 Your Spells              Type           Power        Failure   Level  Hunger
a - Fireball              Conj/Fire      #####.....   3%          5    ####...
b - Bolt of Magma         Conj/Fire/Erth #####.....   8%          5    ####...

Your spell library contained the following spells:

 Spells                   Type           Power        Failure   Level  Hunger
 Magic Dart               Conj           ####         1%          1    None
 Sandblast                Erth           ####..       1%          1    None
 Searing Ray              Conj           #####.       1%          2    None
 Conjure Flame            Conj/Fire      #####...     1%          3    None
 Stone Arrow              Conj/Erth      ####..       1%          3    None
 Dazzling Flash           Conj/Hex       ####..       4%          3    None
 Passwall                 Tmut/Erth      ###.....     6%          2    None
 Ignite Poison            Fire/Tmut/Pois ###.....     7%          3    None
 Mephitic Cloud           Conj/Pois/Air  ###.....     9%          3    None
 Animate Skeleton         Necr           N/A          12%         1    None
 Apportation              Tloc           ##....       12%         1    None
 Beastly Appendage        Tmut           ##....       12%         1    None
 Corona                   Hex            ##.....      12%         1    None
 Freeze                   Ice            ##..         12%         1    None
 Infusion                 Chrm           ##..         12%         1    None
 Sting                    Tmut/Pois      ##..         12%         1    None
 Summon Butterflies       Summ           ##......     12%         1    None
 Summon Small Mammal      Summ           ##..         12%         1    None
 Fulminant Prism          Conj/Hex       ####......   16%         4    None
 Hailstorm                Conj/Ice       ####....     16%         4    None
 Iskenderun's Mystic Bla  Conj/Tloc      ####....     16%         4    None
 Blink                    Tloc           N/A          19%         2    None
 Call Imp                 Summ           ##......     19%         2    None
 Corpse Rot               Necr/Air       N/A          19%         2    None
 Ensorcelled Hibernation  Hex/Ice        ##....       19%         2    None
 Poisonous Vapours        Pois/Air       ##....       19%         2    None
 Shroud of Golubria       Chrm/Tloc      ##....       19%         2    None
 Slow                     Hex            ##......     19%         2    None
 Song of Slaying          Chrm           ##......     19%         2    None
 Sticks to Snakes         Tmut           ##......     19%         2    None
 Sublimation of Blood     Necr           ##........   19%         2    None
 Starburst                Conj/Fire      #####.....   19%         6    #####..
 Call Canine Familiar     Summ           ##......     34%         3    None
 Confusing Touch          Hex            ##......     34%         3    None
 Frozen Ramparts          Ice            ##....       34%         3    None
 Ozocubu's Armour         Chrm/Ice       ##......     34%         3    None
 Recall                   Summ/Tloc      N/A          34%         3    None
 Spectral Weapon          Hex/Chrm       ##......     34%         3    None
 Spider Form              Tmut/Pois      ##........   34%         3    None
 Summon Guardian Golem    Hex/Summ       ##......     34%         3    None
 Tukima's Dance           Hex            ##......     34%         3    None
 Vampiric Draining        Necr           ##........   34%         3    None
 Leda's Liquefaction      Hex/Erth       ###.......   38%         4    None
 Petrify                  Tmut/Erth      ###.....     38%         4    None
 Irradiate                Conj/Tmut      ####......   38%         5    ####...
 Iskenderun's Battlesphe  Conj/Chrm      ####....     38%         5    ####...
 Lee's Rapid Deconstruct  Erth           ####......   38%         5    ####...
 Iron Shot                Conj/Erth      ####......   63%         6    #####..
 Cause Fear               Hex            ##........   75%         4    None
 Dispel Undead            Necr           ##......     75%         4    None
 Ice Form                 Ice/Tmut       ##......     75%         4    None
 Olgreb's Toxic Radiance  Pois           ##......     75%         4    None
 Summon Ice Beast         Ice/Summ       ##......     75%         4    None
 Summon Lightning Spire   Summ/Air       ##......     75%         4    None
 Borgnjor's Vile Clutch   Necr/Erth      ###.......   75%         5    ####...
 Orb of Destruction       Conj           #####.....   86%         7    #######
 Conjure Ball Lightning   Conj/Air       ####......   93%         6    #####..
 Alistair's Intoxication  Tmut/Pois      ##......     97%         5    ####...
 Aura of Abjuration       Summ           ##........   97%         5    ####...
 Blade Hands              Tmut           ##........   97%         5    ####...
 Metabolic Englaciation   Hex/Ice        ##........   97%         5    ####...
 Silence                  Hex/Air        ##........   97%         5    ####...
 Summon Demon             Summ           ##........   97%         5    ####...
 Summon Forest            Summ/Tloc      ##........   97%         5    ####...
 Summon Mana Viper        Hex/Summ       ##......     97%         5    ####...
 Yara's Violent Unravell  Hex/Tmut       ##........   97%         5    ####...
 Freezing Cloud           Conj/Ice/Air   ###.......   99%         6    #####..
 Ignition                 Fire           #####.....   99%         8    #######
 Darkness                 Hex            ##........   100%        6    #####..
 Death Channel            Necr           ##........   100%        6    #####..
 Eringya's Noxious Bog    Tmut/Pois      ##........   100%        6    #####..
 Hydra Form               Tmut           ##........   100%        6    #####..
 Ozocubu's Refrigeration  Ice            ##........   100%        6    #####..
 Shadow Creatures         Summ           N/A          100%        6    #####..
 Simulacrum               Ice/Necr       ##........   100%        6    #####..
 Statue Form              Tmut/Erth      ###......    100%        6    #####..
 Dragon Form              Tmut           ##........   100%        7    #######
 Haunt                    Necr/Summ      ##........   100%        7    #######
 Ring of Flames           Chrm/Fire      ####......   100%        7    #######
 Spellforged Servitor     Conj/Summ      ####......   100%        7    #######
 Summon Hydra             Summ           ##........   100%        7    #######
 Borgnjor's Revivificati  Necr           ##........   100%        8    #######
 Death's Door             Chrm/Necr      ##........   100%        8    #######
 Discord                  Hex            ##........   100%        8    #######
 Infestation              Necr           ##........   100%        8    #######
 Necromutation            Tmut/Necr      ##........   100%        8    #######
 Shatter                  Erth           ####......   100%        9    #######
 Tornado                  Air            ##........   100%        9    #######


Dungeon Overview and Level Annotations

Branches:
Dungeon (15/15)            Temple (1/1) D:7            Lair (6/6) D:10
 Shoals (4/4) Lair:4        Snake (4/4) Lair:3        Slime (5/5) Lair:5
    Orc (2/2) D:9             Elf (3/3) Orc:2        Vaults (5/5) D:14
  Crypt (3/3) Vaults:2       Tomb (0/3) Crypt:3      Depths (5/5) D:15
   Hell (visited)             Zot (5/5) Depths:5      Sewer (visited)
  IceCv (visited)          WizLab (visited)         Desolation (visited)
    Dis: Hell:1         Geh: Hell:1         Coc: Hell:1         Tar: Hell:1

Altars:
Ashenzari
Cheibriados
Dithmenos
Elyvilon
Fedhas
Gozag
Hepliaklqana
Kikubaaqudgha
Makhleb
Nemelex Xobeh
Okawaru
Qazlal
Ru
Sif Muna
Trog
Uskayaw
Vehumet
Wu Jian
Xom
Yredelemnul
Zin
The Shining One
Beogh
Jiyva

Shops:
D:5 !   D:10 ?   Orc:2 =*[(*   Elf:1 [   Shoals:2 *   Snake:1 }   Snake:2 :}!
Snake:4 }=}   Vaults:1 ?   Depths:2 [!*   Depths:4 [[(?[[=*

Portals:
Hell: Depths:1 Depths:2 Depths:4 Depths:5
Abyss: Depths:4 Depths:5
Pandemonium: Depths:1
Ziggurat: Depths:5

Annotations:
D:14 Roxanne
Lair:2 3 runed translucent doors, exclusion: oklob plant, Buzeibew's ghost, journeyman SpVM
Lair:4 exclusion: oklob plant
Hell Geryon


Innate Abilities, Weirdness & Mutations

You have razor-sharp teeth.
You heal very quickly.
When hurt, damage is shared between your health and your magic reserves.
Your bite disrupts and absorbs the magic of your enemies.
Potions cannot restore your health.
You are immune to rotting.
You tend to lose your temper in combat.
You are dopey. (Int -2)


Message History

The fireball engulfs the orb of fire.
The orb of fire completely resists.
The fireball engulfs the orb of fire.
The orb of fire completely resists.
The fireball engulfs the orb of fire.
The orb of fire completely resists.
The orb of fire becomes distracted by the nearby gold, dreaming of imaginary riches.
The orb of fire glows bright magenta.
The bolt of fire misses the orb of fire.
The bolt of fire misses you.
Unknown command.
Unknown command.
Unknown command.
Your blink will be uncontrolled - continue anyway?
The Orb prevents control of your translocation!
You blink.
As you read the scroll of blinking, it crumbles to dust.
A golden dragon comes into view.
The orb of fire becomes distracted by the nearby gold, dreaming of imaginary riches. x2
The orb of fire glows red.
The fireball explodes!
The fireball engulfs you!!!
You die...
Your body crumbles into a pile of gold.

#....##......#.....####
#......................
#.......<.....D........
###▓▓▓▓########.########
#......)[$......#
##....[........##
#.............#
##^..........##
#......@....#
##..^..*.....## $
#....*$*......#
#.*..*.*).$.L.##
#(.L.$X*...$.*..##
.(.###########*..### ..#
##(...# ## ###..§*.§...
#▓▓▓▓▓▓▓▓▓


You could see 9 orbs of fire, a golden dragon, 2 ancient liches and an Orb
Guardian.

Vanquished Creatures
  the Royal Jelly (Slime:5)
  Khufu (Crypt:3)
  2 ancient liches (Depths:5)
  3 orbs of fire
  Mara (Crypt:2)
  The ghost of Beuseq the Sluggish Gnoll, a master GnFi of Cheibriados (Zot:4)
  Boris (twice) (Depths:2 Depths:3)
  Bai Suzhen (Vaults:2)
  Vashnia (Snake:2)
  Frederick (Vaults:2)
  Saint Roka (Snake:4)
  Xtahua (Vaults:5)
  A caustic shrike (Depths:3)
  12 golden dragons
  A curse toe (Zot:2)
  Nikola (Vaults:2)
  Jory (Vaults:4)
  The ghost of Kidasekh the Slayer, an adept MiBe of Trog (Depths:4)
  A profane servitor (Crypt:3)
  2 bone dragons
  8 liches
  A mutant beast (WizLab)
  An electric golem (Zot:4)
  11 tentacled monstrosities
  Asterion (Snake:2)
  9 Orb Guardians (Zot:5)
  A shard shrike skeleton (Crypt:2)
  5 deep elf blademasters
  17 titans
  4 deep elf master archers
  38 acid blobs
  8 quicksilver dragons
  15 death cobs
  Polyphemus (Shoals:2)
  3 krakens
  An ancient champion (Crypt:3)
  13 shadow dragons
  6 sphinxes
  7 tengu reavers
  15 storm dragons
  Kirke (Snake:2)
  Ilsuiw (Shoals:2)
  8 nagarajas
  A revenant (Crypt:3)
  3 draconian monks
  5 draconian knights
  12 azure jellies
  16 fire giants
  3 iron dragons (Vaults:5)
  7 draconian scorchers
  Louise (D:14)
  A ghost moth (Zot:2)
  18 vault wardens
  19 frost giants
  9 deep elf sorcerers
  An emperor scorpion (shapeshifter) (Depths:3)
  3 orc warlords
  2 imperial myrmidons (Desolation)
  The ghost of kalagan the Geomancer, a journeyman GrEE of Vehumet (Orc:2)
  3 balrugs (Zot:2)
  3 curse skulls
  3 spriggan defenders
  6 deep elf elementalists (Elf:3)
  8 draconian shifters
  Erolcha (Orc:1)
  27 stone giants
  8 draconian annihilators
  22 ironheart preservers
  A ghoul (Crypt:3)
  A war gargoyle (Vaults:5)
  28 very ugly things
  3 green draconians
  6 vampire knights
  A black draconian (shapeshifter) (Zot:2)
  2 entropy weavers
  8 black draconians
  6 deep elf demonologists
  12 yellow draconians
  2 halazid warlocks (Desolation)
  9 white draconians
  8 deep elf annihilators
  Azrael (D:15)
  5 purple draconians
  5 spark wasps
  15 red draconians
  Snorg (D:11)
  A white draconian (shapeshifter) (Zot:2)
  A spark wasp (shapeshifter) (WizLab)
  15 ettins
  3 eidola
  9 deep elf death magi
  7 statues (Depths:2)
  8 ragged hierophants (Desolation)
  Josephine (D:13)
  15 death oozes
  6 merfolk javelineers
  17 fire dragons
  10 merfolk impalers
  A quicksilver dragon zombie (Crypt:3)
  2 crystal guardians (Desolation)
  22 jiangshi
  2 mummy priests (Crypt:3)
  3 deep elf high priests
  27 yaktaur captains
  7 great orbs of eyes
  8 rakshasas
  A quicksilver dragon skeleton (Crypt:3)
  33 vault guards
  4 merfolk avatars
  11 hydras
  7 servants of whispers (Desolation)
  9 ice dragons
  9 peacekeepers (Desolation)
  2 catoblepae
  An anaconda (shapeshifter) (Vaults:5)
  18 naga warriors
  A catoblepas (shapeshifter) (Zot:2)
  2 alligator snapping turtles
  10 death knights
  6 spriggan air magi
  12 centaur warriors
  3 merfolk aquamancers
  22 two-headed ogres
  13 anacondas
  8 ogre magi
  31 dancing weapons
  8 deep troll shamans
  4 deep troll earth magi
  A satyr (Shoals:4)
  2 orc high priests
  5 death yaks
  7 vampire magi
  6 shock serpents
  17 naga sharpshooters
  A tengu warrior (Depths:3)
  7 spriggan berserkers
  Sonja (D:13)
  39 deep elf knights
  An iron golem (WizLab)
  Urug (Orc:2)
  A soul eater (Crypt:1)
  4 shadow wraiths
  A salamander mystic (Snake:4)
  A fire crab (Shoals:1)
  An iron troll (D:14)
  21 skeletal warriors
  A spark wasp zombie (D:15)
  6 hell knights (Depths:1)
  8 sea snakes
  2 death drakes (shapeshifter)
  An entropy weaver zombie (Crypt:2)
  An unseen horror (Vaults:1)
  7 flayed ghosts
  4 wizards
  21 deep trolls
  3 glowing orange brains
  3 unseen horrors (shapeshifter)
  25 deep elf archers
  20 ironbrand convokers
  2 obsidian statues
  A lindwurm (shapeshifter) (WizLab)
  11 harpies
  A harpy (shapeshifter) (Vaults:4)
  70 ugly things
  10 naga ritualists
  11 orc knights
  80 deep elf magi
  A wolf spider (Vaults:1)
  3 necromancers
  11 mana vipers
  2 orb spiders (Zot:2)
  An anaconda skeleton (Crypt:1)
  27 manticores
  9 phantasmal warriors
  4 orc sorcerers
  10 fauns
  7 cyclopes
  9 shining eyes
  A frost giant zombie (D:15)
  34 black mambas
  9 large abominations
  4 salamanders
  2 moths of wrath (shapeshifter) (Vaults:5)
  3 black mambas (shapeshifter)
  14 merfolk sirens
  A frost giant skeleton (D:15)
  2 elephants (shapeshifter)
  2 iron dragon skeletons
  3 water nymphs (shapeshifter)
  17 guardian serpents
  Maurice (D:9)
  2 molten gargoyles (Desolation)
  14 elephants
  2 ice statues (IceCv)
  A spiny frog (shapeshifter) (WizLab)
  16 moths of wrath
  A gargoyle (D:15)
  24 naga magi
  6 eyes of devastation
  15 vault sentinels
  Maggie (D:9)
  17 komodo dragons
  3 yaktaurs (shapeshifter)
  A rime drake (shapeshifter) (WizLab)
  20 spiny frogs
  2 kobold demonologists (D:14)
  93 yaktaurs
  A spectral merfolk (Crypt:3)
  2 elves (WizLab)
  6 freezing wraiths
  4 harpy zombies (Zot:2)
  An iron troll skeleton (Crypt:2)
  A tengu conjurer (Depths:3)
  7 guardian mummies (Crypt:3)
  A queen bee (Lair:5)
  2 tyrant leeches (Lair:6)
  2 polar bears
  8 trolls
  27 merfolk
  3 meliai (shapeshifter)
  2 jumping spiders (shapeshifter)
  3 meliai (Lair:5)
  A jumping spider (Vaults:3)
  A wolf spider simulacrum (D:14)
  2 raiju (shapeshifter)
  A wind drake (shapeshifter) (WizLab)
  A hippogriff (shapeshifter) (WizLab)
  12 wind drakes
  Grinder (D:5)
  7 hornets
  Prince Ribbit (D:8)
  A deep troll zombie (D:15)
  3 blink frogs (shapeshifter) (WizLab)
  A moth of wrath zombie (Crypt:2)
  An alligator zombie (Crypt:1)
  10 blink frogs (Lair:6)
  10 snapping turtles
  56 saltlings (Desolation)
  163 slime creatures
  2 dream sheep (Shoals:2)
  4 raiju (Zot:2)
  A centaur simulacrum (D:14)
  A fire dragon zombie (Crypt:1)
  13 hippogriffs
  48 flying skulls (Crypt:3)
  A black mamba zombie (Crypt:1)
  2 air elementals (Elf:2)
  23 water elementals
  2 redbacks
  A redback (shapeshifter) (Vaults:5)
  A vampire (D:14)
  5 spriggans
  3 spriggans (shapeshifter) (WizLab)
  A tarantella (Vaults:4)
  13 wraiths
  2 yaks (shapeshifter)
  5 shadows
  3 fire elementals
  2 tarantellas (shapeshifter) (WizLab)
  5 wyverns
  4 humans (WizLab)
  A hog (shapeshifter) (WizLab)
  3 fire bats (Shoals:1)
  14 golden eyes
  40 yaks
  4 basilisks
  A fire bat (shapeshifter) (WizLab)
  2 steam dragons
  A steam dragon (shapeshifter) (Vaults:5)
  4 hogs (Snake:2)
  3 hungry ghosts
  A golden eye (shapeshifter) (Depths:3)
  A two-headed ogre zombie (D:9)
  11 vampire mosquitoes
  2 swamp worms (shapeshifter)
  13 wargs
  3 soldier ants
  57 nagas
  A two-headed ogre skeleton (Crypt:1)
  15 water moccasins
  7 hell hounds
  2 acid dragons (D:13)
  11 porcupines
  3 sky beasts
  4 floating eyes (WizLab)
  Duvessa (D:5)
  12 small abominations
  2 black bears (shapeshifter) (WizLab)
  46 orc warriors
  A sky beast (shapeshifter) (Depths:2)
  A black bear (D:9)
  16 ice beasts
  5 necrophages
  4 phantoms
  5 eyes of draining
  A spiny frog skeleton (Crypt:1)
  An eye of draining (shapeshifter) (Depths:1)
  An ogre (shapeshifter) (Depths:4)
  33 ogres
  14 wolves
  23 centaurs
  13 boggarts
  A crocodile (shapeshifter) (Vaults:3)
  6 big kobolds
  15 crocodiles
  3 earth elementals
  33 bullfrogs
  Dowan (D:5)
  A water moccasin zombie (D:8)
  A wyvern skeleton (Crypt:1)
  7 scorpions
  A hornet simulacrum (D:14)
  A troll zombie (D:9)
  29 killer bees
  17 wights
  9 electric eels
  6 crimson imps
  2 lava snakes (Snake:2)
  A centaur zombie (D:10)
  A bullfrog zombie (D:12)
  A quasit (D:7)
  3 hounds
  A wyvern simulacrum (D:14)
  4 jellies
  5 centaur skeletons
  24 orc priests
  An iron imp (Depths:1)
  32 orc wizards
  3 bullfrog skeletons
  6 iguanas
  10 worker ants
  Terence (D:2)
  6 ogre zombies (D:9)
  A demigod skeleton (Crypt:1)
  A deep dwarf skeleton (Crypt:2)
  2 hound skeletons
  A worker ant zombie (Crypt:2)
  4 gnolls (D:2)
  16 adders
  A river rat (D:3)
  2 shadow imps
  15 white imps (D:14)
  2 ufetubi (D:14)
  3 oozes (Sewer)
  An adder skeleton (D:4)
  11 worms
  3 dart slugs
  10 leopard geckos
  119 orcs
  10 giant cockroaches
  5 goblins
  7 hobgoblins
  11 jackals
  8 quokkas
  8 ball pythons
  15 bats
  A dart slug zombie (Crypt:2)
  6 frilled lizards
  2 goblin skeletons (D:9)
  4 goblin zombies (D:9)
  A hobgoblin skeleton (D:9)
  2 hobgoblin zombies (D:9)
  15 kobolds
  A leopard gecko zombie (D:8)
  2 orc skeletons (D:9)
  14 orc zombies (D:9)
  9 rats
  4 crawling corpses
  3 fire vortices (Depths:2)
  9 tentacles
3116 creatures vanquished.

Vanquished Creatures (collateral kills)
  An orc knight (Orc:1)
  2 yaks (Lair:2)
3 creatures vanquished.

Vanquished Creatures (others)
  A wizard (Depths:2)
  A shadow dragon skeleton (Hell)
  2 deep elf magi (Vaults:2)
  A saltling (Desolation)
  2 water elementals
  A hound (D:13)
  A quokka (D:2)
  A bush (Lair:2)
  10 fungi
  45 plants
  15 tentacles
  2 withered plants (D:15)
82 creatures vanquished.

Grand Total: 3201 creatures vanquished

Notes
Turn   | Place    | Note
-------+----------+-------------------------------------------
     0 | D:1      | Morbidden the Vine Stalker Assassin began the quest for the
                  | Orb.
     0 | D:1      | Reached XP level 1. HP: 11/11 MP: 2/2
    21 | D:1      | Reached skill level 5 in Stealth
   125 | D:1      | You fall into a shaft and drop 1 floor!
   125 | D:2      | Found a glowing golden altar of the Shining One.
   141 | D:3      | Found a blossoming altar of Fedhas.
   142 | D:3      | Reached skill level 2 in Fighting
   174 | D:3      | Reached XP level 2. HP: 15/15 MP: 3/3
   236 | D:3      | Found a glowing drain.
   258 | D:3      | Reached skill level 1 in Dodging
   258 | D:3      | Reached XP level 3. HP: 5/18 MP: 1/4
   327 | Sewer    | Entered a sewer
   899 | Sewer    | Reached skill level 1 in Spellcasting
   913 | Sewer    | Gained mutation: Your natural rate of healing is unusually
                  | fast. [Vine Stalker growth]
   913 | Sewer    | Reached XP level 4. HP: 15/23 MP: 4/6
  1500 | D:3      | Found a faded altar of an unknown god.
  1530 | D:3      | HP: 1/23 [orc/+0 trident (3)]
  1629 | D:3      | Reached XP level 5. HP: 24/27 MP: 8/8
  2418 | D:4      | Reached XP level 6. HP: 32/32 MP: 9/9
  2501 | D:4      | Found a glowing silver altar of Zin.
  2506 | D:4      | Noticed a water moccasin
  2536 | D:4      | Killed a water moccasin
  2910 | D:4      | Reached skill level 3 in Fighting
  2910 | D:4      | Reached XP level 7. HP: 36/36 MP: 11/11
  3580 | D:5      | Entered Level 5 of the Dungeon
  3851 | D:5      | Found a white marble altar of Elyvilon.
  3900 | D:5      | Noticed Grinder
  3964 | D:5      | Killed Grinder
  3964 | D:5      | Gained mutation: You have razor-sharp teeth. [Vine Stalker
                  | growth]
  3964 | D:5      | Reached XP level 8. HP: 33/42 MP: 13/13
  4131 | D:5      | Reached skill level 1 in Armour
  4350 | D:5      | Reached skill level 4 in Fighting
  4535 | D:5      | Noticed Duvessa
  4535 | D:5      | Noticed Dowan
  4539 | D:5      | Killed Duvessa
  4548 | D:5      | Killed Dowan
  4573 | D:5      | Found Neics's Distillery.
  4582 | D:5      | Bought a potion of curing for 45 gold pieces
  4582 | D:5      | Bought 2 potions of lignification for 90 gold pieces
  4942 | D:6      | Found an iron altar of Okawaru.
  5035 | D:6      | Reached XP level 9. HP: 46/46 MP: 15/15
  5109 | D:6      | Reached skill level 5 in Short Blades
  5111 | D:6      | Reached skill level 5 in Dodging
  5132 | D:6      | Reached skill level 1 in Long Blades
  5435 | D:7      | Found a staircase to the Ecumenical Temple.
  5445 | Temple   | Entered the Ecumenical Temple
  5855 | D:7      | Found a bloodstained altar of Trog.
  6046 | D:7      | Reached skill level 5 in Spellcasting
  6069 | D:7      | Reached skill level 5 in Fighting
  6498 | D:8      | Found a shattered altar of Ashenzari.
  6628 | D:8      | Noticed a two-headed ogre
  6640 | D:8      | Killed a two-headed ogre
  6640 | D:8      | Reached XP level 10. HP: 40/51 MP: 14/19
  6882 | D:8      | Noticed Prince Ribbit
  6887 | D:8      | Killed Prince Ribbit
  7207 | D:8      | Noticed a two-headed ogre
  7264 | D:8      | Killed a two-headed ogre
  7264 | D:8      | Reached skill level 1 in Shields
  7513 | D:9      | Found a staircase to the Orcish Mines.
  7817 | D:2      | Noticed Terence
  7885 | D:2      | Killed Terence
  7941 | D:2      | Found a shimmering blue altar of Sif Muna.
  7955 | D:2      | Found an iron altar of Okawaru.
  7960 | D:2      | Became a worshipper of Warmaster Okawaru
  8325 | D:2      | Found a shadowy altar of Dithmenos.
  8400 | D:2      | Found a white marble altar of Elyvilon.
  9119 | D:9      | Reached skill level 5 in Long Blades
  9500 | D:9      | Found a hazy altar of Hepliaklqana.
  9507 | D:9      | Reached skill level 6 in Fighting
  9507 | D:9      | Reached skill level 1 in Invocations
  9511 | D:9      | Reached * piety under Okawaru
  9641 | D:9      | Reached XP level 11. HP: 33/56 MP: 12/21
  9883 | D:9      | Noticed Maggie
  9899 | D:9      | Killed Maggie
 10034 | D:10     | Entered Level 10 of the Dungeon
 10078 | D:9      | Reached ** piety under Okawaru
 10160 | D:10     | Found a shadowy altar of Dithmenos.
 10217 | D:10     | Found Put Heme's Magic Scroll Boutique.
 10269 | D:10     | Noticed Maurice
 10293 | D:9      | Killed Maurice
 10318 | D:10     | Found a staircase to the Lair.
 10341 | D:10     | Reached *** piety under Okawaru
 10472 | D:10     | Received a gift from Okawaru
 10910 | D:11     | Noticed a two-headed ogre
 10922 | D:11     | Killed a two-headed ogre
 10922 | D:11     | Reached **** piety under Okawaru
 10933 | D:11     | Noticed a cyclops
 11059 | D:11     | Noticed Snorg
 11079 | D:11     | Killed Snorg
 11079 | D:11     | Gained mutation: You heal very quickly. [Vine Stalker
                  | growth]
 11079 | D:11     | Reached XP level 12. HP: 44/62 MP: 19/24
 11170 | D:11     | Learned a level 2 spell: Searing Ray
 11183 | D:11     | Noticed a two-headed ogre
 11187 | D:11     | Killed a two-headed ogre
 11187 | D:11     | Reached skill level 7 in Fighting
 11804 | Lair:1   | Entered Level 1 of the Lair of Beasts
 12105 | Lair:1   | Reached ***** piety under Okawaru
 13262 | Lair:2   | Received a gift from Okawaru
 13270 | Lair:2   | Reached skill level 1 in Evocations
 13277 | Lair:2   | Got polished quicksilver dragon scales {god gift}
 13296 | Lair:2   | Identified the quicksilver dragon scales "Hoih Pur" {+Inv
                  | MR+ Regen+ Str+5 Int-3} (Okawaru gifted it to you on level
                  | 2 of the Lair of Beasts)
 13325 | Lair:2   | Noticed an 11-headed hydra
 13360 | Lair:2   | Identified a scroll of acquirement
 13360 | Lair:2   | Acquired a manual of Fighting
 13532 | Lair:2   | Reached skill level 5 in Invocations
 13670 | Lair:2   | Reached skill level 8 in Fighting
 13699 | Lair:2   | Found a runed translucent gate.
 13699 | Lair:2   | Found a runed translucent gate.
 13699 | Lair:2   | Found a runed translucent gate.
 13701 | Lair:2   | Noticed a nine-headed hydra
 13702 | Lair:2   | Noticed Buzeibew's ghost (journeyman SpVM)
 13862 | Lair:2   | You fall into a shaft and drop 1 floor!
 14129 | Lair:3   | Noticed a five-headed hydra
 14139 | Lair:3   | Killed a five-headed hydra
 14139 | Lair:3   | Reached XP level 13. HP: 52/68 MP: 21/26
 14382 | Lair:3   | Found a staircase to the Snake Pit.
 14984 | Lair:4   | Found a staircase to the Shoals.
 15238 | Lair:4   | Received a gift from Okawaru
 15260 | Lair:4   | Reached skill level 5 in Armour
 15373 | Lair:4   | Reached skill level 9 in Fighting
 15780 | Lair:4   | Received a gift from Okawaru
 16112 | Lair:5   | Found a viscous altar of Jiyva.
 16113 | Lair:5   | Found a staircase to the Slime Pits.
 16578 | Lair:5   | Reached skill level 1 in Conjurations
 16628 | Lair:5   | Reached skill level 10 in Fighting
 17301 | Lair:6   | Entered Level 6 of the Lair of Beasts
 17305 | Lair:6   | Reached XP level 14. HP: 77/77 MP: 28/28
 17686 | Lair:6   | Reached skill level 11 in Fighting
 18111 | Lair:6   | Reached skill level 10 in Stealth
 18993 | D:12     | Received a gift from Okawaru
 19314 | D:12     | Reached skill level 10 in Spellcasting
 19330 | D:12     | Reached ****** piety under Okawaru
 19718 | D:13     | Received a gift from Okawaru
 19723 | D:13     | Got shimmering shadow dragon scales {god gift}
 19725 | D:13     | Identified the +4 shadow dragon scales "Kumytokho" {rF-
                  | Regen+ Str+8 Dex+4 Stlth++++} (Okawaru gifted it to you on
                  | level 13 of the Dungeon)
 20092 | D:13     | Noticed Sonja
 20097 | D:13     | Killed Sonja
 20446 | D:13     | Noticed Josephine
 20468 | D:13     | Killed Josephine
 20468 | D:13     | Reached skill level 10 in Dodging
 20624 | D:14     | Noticed Roxanne
 20626 | D:14     | Reached XP level 15. HP: 84/84 MP: 22/30
 20627 | D:14     | Noticed Louise
 20650 | D:14     | Killed Louise
 20701 | D:14     | Found a frozen archway.
 20734 | IceCv    | Entered an ice cave
 20737 | IceCv    | Found a transporter.
 20776 | IceCv    | Found a transporter.
 20826 | IceCv    | Got a crystal shortbow
 21057 | D:14     | Identified the +2 chain mail "Heorrien" {rC- Str+6} (You
                  | found it on level 14 of the Dungeon)
 21062 | D:14     | Acquired the +7 demon blade of Termination {vamp, rN+}
 21121 | D:14     | Reached skill level 12 in Fighting
 21188 | D:14     | Found a gate to the Vaults.
 21504 | D:14     | Received a gift from Okawaru
 21728 | D:15     | Entered Level 15 of the Dungeon
 21794 | D:15     | Noticed Azrael
 21806 | D:15     | Found a staircase to the Depths.
 21882 | D:15     | Received a gift from Okawaru
 22210 | D:15     | Killed Azrael
 22210 | D:15     | Received a gift from Okawaru
 22499 | Orc:1    | Entered Level 1 of the Orcish Mines
 22558 | Orc:1    | Noticed Erolcha
 22583 | Orc:1    | Killed Erolcha
 22957 | Orc:2    | Entered Level 2 of the Orcish Mines
 23216 | Orc:2    | Noticed Urug
 23218 | Orc:2    | Found a roughly hewn altar of Beogh.
 23250 | Orc:2    | Reached skill level 5 in Shields
 23277 | Orc:2    | Killed Urug
 23277 | Orc:2    | Reached XP level 16. HP: 90/90 MP: 31/31
 23452 | Orc:2    | Found Xoecuwk's Jewellery Shoppe.
 23479 | Orc:2    | Found Viwuc's General Store.
 23506 | Orc:2    | Found a runed translucent gate.
 23508 | Orc:2    | Noticed kalagan's ghost (journeyman GrEE)
 23520 | Orc:2    | Found a runed translucent gate.
 23520 | Orc:2    | Found a runed translucent gate.
 23552 | Orc:2    | Killed kalagan's ghost
 23614 | Orc:2    | Found Cabisch's General Store.
 23643 | Orc:2    | Found a staircase to the Elven Halls.
 23653 | Orc:2    | Found Jacram's Antique Armour Shoppe.
 23836 | Orc:2    | Found Zeschocouh's Antique Weapon Shoppe.
 24177 | Orc:1    | Reached skill level 10 in Long Blades
 24408 | Orc:2    | Bought a masterwork buckler for 247 gold pieces
 24408 | Orc:2    | Bought a glowing cloak for 195 gold pieces
 24408 | Orc:2    | Bought a pair of glowing boots for 195 gold pieces
 24408 | Orc:2    | Bought a shiny helmet for 195 gold pieces
 24428 | Orc:2    | Identified the cursed +0 buckler of Eddituigh {rPois} (You
                  | bought it in a shop on level 2 of the Orcish Mines)
 24440 | Orc:2    | Bought a pair of glowing boots for 195 gold pieces
 24799 | Shoals:1 | Entered Level 1 of the Shoals
 25275 | Shoals:1 | Received a gift from Okawaru
 25275 | Shoals:1 | Reached skill level 13 in Fighting
 25276 | Shoals:1 | Found the +0 sword of Power
 26062 | Shoals:2 | Found Kugoimoigh's Assorted Antiques.
 26062 | Shoals:2 | Noticed Polyphemus
 26100 | Shoals:2 | Noticed Ilsuiw
 26424 | Shoals:2 | Killed Ilsuiw
 26438 | Shoals:2 | Received a gift from Okawaru
 26561 | Shoals:2 | Killed Polyphemus
 26868 | Shoals:3 | Received a gift from Okawaru
 26978 | Shoals:3 | Reached XP level 17. HP: 91/95 MP: 30/33
 27162 | Shoals:3 | Noticed a kraken
 27185 | Shoals:3 | Killed a kraken
 27585 | Shoals:4 | Entered Level 4 of the Shoals
 27791 | Shoals:4 | Noticed a kraken
 27805 | Shoals:4 | Killed a kraken
 28119 | Shoals:4 | Noticed a kraken
 28136 | Shoals:4 | Killed a kraken
 28154 | Shoals:4 | Found the +10 morningstar "Eos" {elec, Halo rElec}
 28196 | Shoals:4 | Received a gift from Okawaru
 28242 | Shoals:4 | Reached skill level 5 in Throwing
 28418 | Shoals:4 | Reached skill level 14 in Fighting
 28532 | Shoals:4 | Got a barnacled rune of Zot
 29016 | Snake:1  | Entered Level 1 of the Snake Pit
 29316 | Snake:1  | Reached XP level 18. HP: 94/102 MP: 35/35
 29437 | Snake:1  | Received a gift from Okawaru
 29524 | Snake:1  | Identified the +4 fustibalus "Xirhyir" {venom, +Inv Int+4
                  | Dex+4} (You found it on level 1 of the Snake Pit)
 29673 | Snake:1  | Found Neynk's Gadget Emporium.
 30118 | Snake:2  | Received a gift from Okawaru
 30119 | Snake:2  | Found the +27 Lear's hauberk
 30135 | Snake:2  | Noticed Vashnia
 30173 | Snake:2  | Killed Vashnia
 30227 | Snake:2  | Found Cykkis Ysagu's Distillery.
 30246 | Snake:2  | Found Muxkyhucwe's Gadget Emporium.
 30248 | Snake:2  | Bought a potion of berserk rage for 85 gold pieces
 30313 | Snake:2  | Noticed Kirke
 30323 | Snake:2  | Killed Kirke
 30421 | Snake:2  | Found Seneneb's Book Boutique.
 30428 | Snake:2  | Noticed Asterion
 30498 | Snake:2  | Killed Asterion
 31223 | Snake:3  | Identified the cursed -5 pair of boots of Untruth {rPois
                  | Int+2} (You found it on level 3 of the Snake Pit)
 31820 | Snake:4  | Entered Level 4 of the Snake Pit
 31952 | Snake:4  | Received a gift from Okawaru
 31952 | Snake:4  | Reached skill level 15 in Fighting
 31952 | Snake:4  | Reached XP level 19. HP: 59/108 MP: 36/36
 31980 | Snake:4  | Received a gift from Okawaru
 31987 | Snake:4  | Noticed Saint Roka
 32319 | Snake:4  | Killed Saint Roka
 32567 | Snake:4  | Got a serpentine rune of Zot
 32950 | Snake:4  | Received a gift from Okawaru
 32957 | Snake:4  | Found Ekuaw's Gadget Shop.
 33012 | Snake:4  | Found Durixael's Gadget Shop.
 33015 | Snake:4  | Found Voosik's Jewellery Emporium.
 33202 | Snake:4  | Received a gift from Okawaru
 33664 | Vaults:1 | Entered Level 1 of the Vaults
 33807 | Vaults:1 | Received a gift from Okawaru
 34239 | Vaults:1 | Reached XP level 20. HP: 114/114 MP: 38/38
 34571 | Vaults:1 | Found Alaka's Magic Scroll Shop.
 34883 | Vaults:2 | Noticed Bai Suzhen
 34904 | Vaults:2 | Killed Bai Suzhen
 34904 | Vaults:2 | Reached skill level 16 in Fighting
 34929 | Vaults:2 | Received a gift from Okawaru
 35100 | Vaults:2 | Noticed Frederick
 35108 | Vaults:2 | Killed Frederick
 35375 | Vaults:2 | Noticed Nikola
 35396 | Vaults:2 | Killed Nikola
 35807 | Vaults:2 | Found a staircase to the Crypt.
 35807 | Vaults:2 | Found a basalt altar of Yredelemnul.
 35808 | Vaults:2 | Found an ancient bone altar of Kikubaaqudgha.
 36152 | Vaults:3 | Identified a +1 pair of boots of running (You found it on
                  | level 3 of the Vaults)
 36228 | Vaults:3 | Received a gift from Okawaru
 36239 | Vaults:3 | Identified the +0 chain mail of Resourcefulness {-Tele
                  | Int+4 Dex+3} (Okawaru gifted it to you on level 3 of the
                  | Vaults)
 36275 | Vaults:3 | Found a ruined gateway.
 36330 | Vaults:3 | Found a portal to a secret trove of treasure.
 36348 | Desolati | Entered the Desolation of Salt
 36523 | Desolati | Found the +2 cloak of the Thief {+Fog Slay-2 SInv Stlth+}
 36610 | Desolati | Found the +8 whip "Snakebite" {curare, rPois}
 36648 | Desolati | Reached XP level 21. HP: 120/120 MP: 40/40
 36680 | Desolati | Identified the ring "Wegitz" {Int+6 Dex+4} (You found it in
                  | the Desolation of Salt)
 36686 | Desolati | Identified the ring of Equilibrium {rPois rC+ rN+ Int+3
                  | Stlth-} (You found it in the Desolation of Salt)
 37084 | Desolati | Reached skill level 17 in Fighting
 37110 | Desolati | Identified the ring of Zasat {Wiz rElec Dex+3} (You found
                  | it in the Desolation of Salt)
 37116 | Desolati | Identified Sif Muna's Volume of Supportive Venom
 37125 | Desolati | Identified the ring "Wimed" {+Fly rPois MP+9 Str-3} (You
                  | found it in the Desolation of Salt)
 37282 | Desolati | Identified the +8 executioner's axe "Qeucha" {chaos, Dex+4}
                  | (You found it in the Desolation of Salt)
 37929 | Vaults:3 | Received a gift from Okawaru
 37985 | Vaults:3 | Reached skill level 15 in Long Blades
 38361 | Vaults:3 | Received a gift from Okawaru
 38985 | Vaults:4 | Reached XP level 22. HP: 114/127 MP: 33/41
 38986 | Vaults:4 | Noticed Jory
 39022 | Vaults:4 | Killed Jory
 39958 | Vaults:4 | Received a gift from Okawaru
 39963 | Vaults:4 | Reached skill level 18 in Fighting
 40153 | Vaults:5 | Entered Level 5 of the Vaults
 40299 | Depths:1 | Entered Level 1 of the Depths
 40332 | Depths:1 | Reached skill level 15 in Spellcasting
 40363 | Depths:1 | Received a gift from Okawaru
 40370 | Depths:1 | Found a gateway to Hell.
 40411 | Depths:1 | Received a gift from Okawaru
 40794 | Depths:1 | Found a runed translucent door.
 40885 | Depths:1 | Found a one-way gate leading to the halls of Pandemonium.
 41246 | Depths:1 | Reached XP level 23. HP: 106/133 MP: 32/43
 41312 | Depths:1 | Received a gift from Okawaru
 41370 | Depths:1 | Got a shimmering marble ring
 41372 | Depths:1 | Identified the +2 pair of gloves "Biyvoeza" {Str+6} (You
                  | found it on level 1 of the Depths)
 41388 | Depths:1 | Identified the ring of Pyromania {rElec rC+ Dex+3 Stlth-}
                  | (You found it on level 1 of the Depths)
 41444 | Hell     | Entered the Vestibule of Hell
 41444 | Hell     | Noticed Geryon
 41505 | Depths:2 | Reached skill level 10 in Shields
 41548 | Depths:2 | Found Orrarai's General Store.
 41551 | Depths:2 | Bought a scroll of teleportation for 48 gold pieces
 41551 | Depths:2 | Bought 2 scrolls of teleportation for 96 gold pieces
 41657 | Depths:2 | Acquired 5520 gold pieces
 41734 | Depths:2 | Found Orolosk's Antique Armour Emporium.
 41743 | Depths:2 | Bought a blackened buckler for 218 gold pieces
 41755 | Depths:2 | Identified the +2 buckler "Kattetog" {rPois Slay+4} (You
                  | bought it in a shop on level 2 of the Depths)
 42097 | Depths:2 | Found Pielou's Distillery.
 42201 | Depths:2 | Bought a potion of magic for 184 gold pieces
 42201 | Depths:2 | Bought a potion of haste for 230 gold pieces
 42201 | Depths:2 | Bought a potion of ambrosia for 184 gold pieces
 42916 | Depths:2 | Found a radiant altar of Vehumet.
 42916 | Depths:2 | Noticed Boris
 42927 | Depths:2 | Killed Boris
 43343 | Depths:3 | Noticed Boris
 43365 | Depths:3 | Killed Boris
 43546 | Depths:3 | Received a gift from Okawaru
 43570 | Depths:3 | Received a gift from Okawaru
 43632 | Depths:3 | Got a masterwork short sword {god gift}
 43634 | Depths:3 | Identified the +7 short sword "Cycyul" {vorpal, Int+5}
                  | (Okawaru gifted it to you on level 3 of the Depths)
 43764 | Depths:3 | Reached skill level 19 in Fighting
 43774 | Depths:3 | Reached XP level 24. HP: 140/140 MP: 43/43
 43833 | Depths:3 | Received a gift from Okawaru
 43906 | Depths:3 | Noticed a caustic shrike
 43926 | Depths:3 | Killed a caustic shrike
 43954 | Depths:3 | Received a gift from Okawaru
 43963 | Depths:3 | Identified the Compendium of Congealing Transmigration
 44232 | Depths:3 | Learned a level 5 spell: Bolt of Magma
 44267 | Depths:3 | Reached skill level 10 in Armour
 44628 | Depths:4 | Reached skill level 1 in Fire Magic
 44670 | Depths:4 | Found a one-way gate to the infinite horrors of the Abyss.
 44703 | Depths:4 | Found a runed translucent gate.
 45248 | Depths:4 | Found a runed translucent gate.
 45249 | Depths:4 | Found an opulent altar of Gozag.
 45249 | Depths:4 | Found a runed translucent gate.
 45251 | Depths:4 | Noticed Kidasekh's ghost (adept MiBe)
 45253 | Depths:4 | Found Fecs's Assorted Antiques.
 45347 | Depths:4 | Reached skill level 15 in Dodging
 45493 | Depths:4 | Killed Kidasekh's ghost
 45530 | Depths:4 | Bought a dented emerald amulet for 170 gold pieces
 45544 | Depths:4 | Reached XP level 25. HP: 145/145 MP: 44/44
 45577 | Depths:5 | Entered Level 5 of the Depths
 45596 | Depths:5 | Received a gift from Okawaru
 46002 | Depths:5 | Found a gate to the Realm of Zot.
 46087 | Depths:5 | Reached XP level 26. HP: 121/151 MP: 44/44
 46197 | Depths:5 | Found a gateway to a ziggurat.
 46197 | Depths:5 | Noticed an ancient lich
 46197 | Depths:5 | Noticed an ancient lich
 46213 | Depths:5 | Killed an ancient lich
 46219 | Depths:5 | Killed an ancient lich
 47061 | Vaults:3 | You paid a toll of +2 shadow dragon scales to enter a
                  | treasure trove
 47062 | Trove    | Entered a treasure trove
 47097 | Trove    | Got a warped ivory ring
 47104 | Trove    | Identified the +0 pair of boots of the Blessed Realm {Str+4
                  | Int+3} (You found it in a treasure trove)
 47110 | Trove    | Identified the ring "Han Vel" {rC+ rN++ EV+4 Slay+4} (You
                  | found it in a treasure trove)
 47485 | Elf:1    | Entered Level 1 of the Elven Halls
 47608 | Elf:1    | Found a magical portal.
 47643 | Elf:1    | Found Gorghopa's Armour Boutique.
 47817 | WizLab   | Entered Cigotuvi's Fleshworks
 47830 | WizLab   | Reached skill level 5 in Fire Magic
 47869 | WizLab   | Reached skill level 20 in Fighting
 48023 | WizLab   | Reached skill level 1 in Earth Magic
 48042 | WizLab   | Paralysed by a floating eye for 2 turns
 48050 | WizLab   | Paralysed by a floating eye for 2 turns
 48063 | WizLab   | Paralysed by a floating eye for 2 turns
 48129 | WizLab   | Found the -2 hat of the Alchemist {rElec rPois rF+ rC+ rN+
                  | MR+ rMut rCorr}
 48480 | WizLab   | Reached skill level 5 in Conjurations
 48484 | WizLab   | Received a gift from Okawaru
 48491 | WizLab   | Identified the +3 chain mail of Least Resistance {Dex+4}
                  | (Okawaru gifted it to you in a wizard's laboratory)
 48509 | WizLab   | Identified Cigotuvi's Almanac of Unholy Shape Shifting
 48512 | WizLab   | Identified Oxkepaph's Guide on Moulding
 49026 | Elf:1    | Identified Hotyhaf's Almanac of Summoning
 49381 | Elf:2    | Found a runed translucent gate.
 49381 | Elf:2    | Found a runed translucent gate.
 49382 | Elf:2    | Found a runed translucent gate.
 49938 | Elf:2    | Reached XP level 27. HP: 144/156 MP: 42/45
 50120 | Elf:3    | Entered Level 3 of the Elven Halls
 51023 | Elf:3    | Identified the ring "Risman" {Str+4 Int+6} (You found it on
                  | level 3 of the Elven Halls)
 51140 | Elf:3    | Found the +9 scales of the Dragon King {rPois rF+ rC+ MR+}
 51217 | Elf:3    | Got a wavering jade ring
 51218 | Elf:3    | Identified the ring of Bodily Harmony {rPois rC++ Int+3
                  | Dex+6 SInv} (You found it on level 3 of the Elven Halls)
 51753 | Crypt:1  | Entered Level 1 of the Crypt
 52127 | Depths:2 | Bought the +8 orange crystal plate armour {Archmagi, Int+3
                  | Clar} for 3323 gold pieces
 52127 | Depths:2 | Found the +8 orange crystal plate armour {Archmagi, Int+3
                  | Clar}
 52146 | Depths:2 | Learned a level 5 spell: Fireball
 52405 | Crypt:2  | Noticed Mara
 52415 | Crypt:2  | Killed Mara
 52415 | Crypt:2  | Received a gift from Okawaru
 52460 | Crypt:1  | Reached skill level 5 in Earth Magic
 52613 | Crypt:1  | Reached skill level 15 in Stealth
 53051 | Depths:4 | Fell from the grace of Okawaru
 53051 | Depths:4 | Became a worshipper of Gozag Ym Sagoz the Greedy
 53058 | Depths:4 | Bought a pair of translucent gloves for 475 gold pieces
 53432 | Crypt:1  | Identified the +2 pair of gloves of the Morning {-Tele
                  | Dex+6} (You bought it in a shop on level 4 of the Depths)
 54885 | Crypt:3  | Entered Level 3 of the Crypt
 55046 | Crypt:3  | Found a basalt altar of Yredelemnul.
 55235 | Crypt:3  | Identified the ring "Gophu" {rN+ Int+4} (You found it on
                  | level 3 of the Crypt)
 55236 | Crypt:3  | Identified the ring of Zurokk {rN+ Str+2 Dex+7} (You found
                  | it on level 3 of the Crypt)
 55237 | Crypt:3  | Identified the ring "Wifeguff" {rC+ rN+ MP+9 Dex+4} (You
                  | found it on level 3 of the Crypt)
 55481 | Crypt:3  | Found a staircase to the Tomb.
 55481 | Crypt:3  | Noticed Khufu
 55493 | Crypt:3  | Killed Khufu
 55588 | Crypt:3  | Reached skill level 21 in Fighting
 55675 | Crypt:3  | Identified the Disquisition on Unholy Rites
 56320 | Depths:4 | Bought the amulet of Vitality {Regen+ HP+15} for 1738 gold
                  | pieces
 56320 | Depths:4 | Found the amulet of Vitality {Regen+ HP+15}
 56884 | Slime:1  | Entered Level 1 of the Pits of Slime
 59050 | Slime:5  | Entered Level 5 of the Pits of Slime
 59219 | Slime:5  | Noticed the Royal Jelly
 59259 | Slime:5  | Killed the Royal Jelly
 59547 | Slime:5  | Identified the Tome of Boosting Poisoning
 59596 | Slime:5  | Identified the ring of the Greedy {Str+4 Stlth-} (You found
                  | it on level 5 of the Pits of Slime)
 59620 | Slime:5  | Got a slimy rune of Zot
 59666 | Slime:5  | Identified the Incunabulum of Vitriolic Transmigration
 61101 | Vaults:5 | Reached skill level 10 in Fire Magic
 61204 | Vaults:5 | Reached skill level 22 in Fighting
 61212 | Vaults:5 | Noticed Xtahua
 61220 | Vaults:5 | Killed Xtahua
 61501 | Vaults:5 | Identified the +7 demon whip of Watchfulness {drain, Str+7
                  | Int-4} (You found it on level 5 of the Vaults)
 61719 | Vaults:5 | Reached skill level 10 in Throwing
 61772 | Vaults:5 | Identified the cursed +2 arbalest of Exquisite Death {elec,
                  | +Fly Dex+4}
 61928 | Vaults:5 | Got a silver rune of Zot
 62144 | Vaults:5 | Got a heavily runed graven amulet
 62145 | Vaults:5 | Identified the amulet "Digheh" {Inacc *Corrode rN+++ Int-2
                  | Stlth+} (You found it on level 5 of the Vaults)
 62175 | Vaults:5 | Acquired 910 gold pieces
 62252 | Vaults:5 | Was forgiven by Okawaru
 62824 | Depths:4 | Bought the +12 Vampire's Tooth {vamp} for 720 gold pieces
 62824 | Depths:4 | Found the +12 Vampire's Tooth {vamp}
 62862 | Zot:1    | Entered Level 1 of the Realm of Zot
 63603 | Zot:2    | Noticed an orb of fire
 63606 | Zot:2    | Gained mutation: You tend to lose your temper in combat.
                  | [an orb of fire]
 63620 | Zot:2    | Killed an orb of fire
 63834 | Zot:2    | Noticed an orb of fire
 63858 | Zot:2    | Killed an orb of fire
 64674 | Zot:3    | Noticed an orb of fire
 64675 | Zot:3    | Gained mutation: You are dopey. (Int -2) [an orb of fire]
 64696 | Zot:3    | Killed an orb of fire
 65564 | Zot:3    | Reached skill level 23 in Fighting
 65739 | Zot:3    | Identified the +1 helmet of the Amoeba {rElec rC+ MR+} (You
                  | found it on level 3 of the Realm of Zot)
 65870 | Zot:4    | Reached skill level 10 in Conjurations
 66200 | Zot:4    | Found a runed translucent gate.
 66200 | Zot:4    | Found a runed translucent gate.
 66201 | Zot:4    | Found a runed translucent gate.
 66202 | Zot:4    | Noticed Beuseq's ghost (master GnFi)
 66738 | Zot:4    | Killed Beuseq's ghost
 66788 | Zot:4    | Identified the -4 cloak of Rodgh {rN+} (You found it on
                  | level 4 of the Realm of Zot)
 66960 | Zot:5    | Entered Level 5 of the Realm of Zot
 67148 | Zot:5    | Noticed an orb of fire
 67150 | Zot:5    | Noticed an orb of fire
 67152 | Zot:5    | Noticed an orb of fire
 67155 | Zot:5    | Noticed an orb of fire
 67157 | Zot:5    | Noticed an orb of fire
 67157 | Zot:5    | Noticed an orb of fire
 67159 | Zot:5    | Noticed an ancient lich
 67160 | Zot:5    | Noticed an ancient lich
 67160 | Zot:5    | Noticed an orb of fire
 67161 | Zot:5    | Noticed an orb of fire
 67163 | Zot:5    | Noticed an orb of fire
 67163 | Zot:5    | HP: 2/179 [orb of fire/fireball (39)]
 67164 | Zot:5    | Killed from afar by an orb of fire

Illustrated notes

Levels and vault maps discovered:
D:1:      dpeg_arrival_rooms_with_view, layout_rooms, hex_tiny,
          chequers_serial_rivers_large_a, minmay_tromino_i2
D:2:      layout_loops_ring, okawaru_ov_weapons_minmay,
          nicolae_overflow_hidden_temple, lemuel_coloured_pillars_altar,
          lemuel_crystal_altar, elyvilon_altar_4, uniq_terence
D:3:      layout_basic, fedhas_altar_2, chequers_ecumenical_altar_simple_redux,
          portal_sewer_entry_b
D:4:      layout_layer_cave, zin_academy, grunt_ministairs_4
D:5:      layout_basic, lemuel_doored_altar, first_ration, serial_shops, shop,
          minmay_stone_trees_medium, uniq_duvessa, uniq_grinder
D:6:      layout_loops_ring, basic_altar
D:7:      layout_loops_ring, overflow_temple_1_default,
          minmay_temple_entry_antechambers, minmay_stone_trees_small,
          grunt_ogre_cave
D:8:      layout_loops_ring, ashenzari_altar_1, minmay_between,
          uniq_prince_ribbit1
D:9:      layout_roguey, lemuel_round_altar, zombieorc2_lemuel, uniq_maggie
D:10:     layout_long_grid, minmay_lair_entry_grove, serial_shops, shop_scrolls,
          grunt_dithmenos_smoke, uniq_maurice
D:11:     layout_loops_ring, uniq_snorg
D:12:     layout_gridville
D:13:     layout_gridville, chequers_big_river, uniq_sonja, uniq_josephine
D:14:     layout_loops_ring, david_vaults_4, serial_ice, serial_ice_a,
          serial_ice_f, serial_ice_g, serial_ice_m, serial_ice_i, serial_ice_d,
          serial_ice_h, serial_ice_b, portal_ice_cave_entry_imps,
          kennysheep_generic_room_8, uniq_roxanne, uniq_louise
D:15:     gammafunk_depths_entry_grave, layout_basic,
          chequers_serial_rivers_room_a, uniq_azrael
Temple:   minmay_temple_forest_path
Lair:1:   layout_cave_pods, serial_bayou, serial_bayou_pond_e,
          serial_bayou_lake_a, serial_bayou_ford_a, serial_bayou_pond_d,
          st_stairs_9, minivault_26, chequers_serial_rivers_marsh,
          serial_bayou_shore_a
Lair:2:   layout_gridlike, gammafunk_ghost_hydra_chop, uniq_gastronok
Lair:3:   layout_regular_city, guppyfry_snake_entry_garden
Lair:4:   layout_cave_pods, minmay_shoals_entry_centaurs
Lair:5:   layout_cave_pods, slime_altar_1, special_room [special_room_bee]
Lair:6:   minmay_lair_end_frog_pond, layout_gridlike
Shoals:1: layout_shoals, hangedman_shoal_volcano
Shoals:2: layout_shoals, serial_shops, shop, uniq_ilsuiw, uniq_polyphemus
Shoals:3: layout_shoals, nicolae_shoals_arrival_archipelago
Shoals:4: shoals_end_grunt_ice, layout_shoals
Snake:1:  layout_onion, serial_shops, shop, serial_bayou_shore_b,
          grunt_megastairs_4
Snake:2:  layout_basic, serial_shops, shop, shop_fountains, nicolae_shop_trees,
          nicolae_snake_lava_pool, uniq_asterion, uniq_vashnia, uniq_kirke
Snake:3:  layout_cave_town, fake_guardian_serpent_vault
Snake:4:  snake_pit, layout_cave_town, minmay_shop_grove, uniq_saint_roka
Slime:1:  layout_caves
Slime:2:  layout_caves
Slime:3:  layout_caves
Slime:4:  layout_caves
Slime:5
Orc:1:    layout_diamond_mine, nicolae_orc_rockfall, uniq_erolcha
Orc:2:    grunt_orc_cross, layout_diamond_mine, serial_shops, shop_fountains,
          special_room, ebering_ghost_rock_garden
Elf:1:    minmay_elf_arrival_plus, layout_loops_cross,
          lightli_enter_wizlab_magi_temple, serial_shops,
          nicolae_shop_waterfront, minmay_elf_demonology
Elf:2:    layout_loops_cross, item_on_display_a
Elf:3:    elf_hall_gauntlet_wide, layout_loops_cross
Vaults:1: nicolae_vaults_what_the_h, ontoclasm_vaults_shuriken, v_rooms_6,
          hangedman_vaults_restitches, vaults_dpeg_diagonal, v_misc_18,
          hangedman_vaults_stretched_pinwheel, v_misc_2, vaults_dpeg_hooks,
          nicolae_vaults_theta, nicolae_vaults_three_branches,
          vaults_room_stairs_pillars, grunt_vaults_hallway_short,
          layout_vaults_big_room, serial_shops, shop
Vaults:2: hangedman_vaults_corner, nicolae_vaults_statue_guard,
          hangedman_vaults_unwind, minmay_crypt_entry_necro_gods,
          vaults_room_stairs_pillars, vaults_dpeg_encased_lava,
          nicolae_vaults_ring_of_whatevers, hangedman_vaults_slice,
          grunt_vaults_hallway_short, layout_vaults_omnigrid, uniq_bai_suzhen,
          uniq_frederick, uniq_nikola
Vaults:3: nicolae_vaults_minivaults, nicolae_vaults_theta, v_misc_23,
          v_alt_pattern_5, hangedman_vaults_capsules, hangedman_vaults_cutoff,
          nicolae_vaults_little_ls, nicolae_vaults_asterisk,
          nicolae_vaults_border_crossing, ontoclasm_vaults_chip,
          hangedman_vaults_variations, ontoclasm_vaults_hangar,
          vaults_dpeg_ring, layout_vaults_ring, enter_trove_5,
          portal_desolation_entry_nicolae_slug
Vaults:4: vaults_room_pools, nicolae_vaults_triangles, vaults_room_fancy_cross,
          nicolae_vaults_specimen_jars, nicolae_vaults_twisting_passages,
          ontoclasm_vaults_gateway, ontoclasm_vaults_fault,
          nicolae_vaults_little_squares_5, ontoclasm_vaults_loading_screen,
          ontoclasm_vaults_decontamination, layout_vaults_big_cross, uniq_jory
Vaults:5: uniq_xtahua, uniq_margery
Crypt:1:  layout_regular_city
Crypt:2:  layout_chaotic_city, grunt_ministairs_11, uniq_mara
Crypt:3:  grunt_crypt_end_deaths_head
Depths:1: layout_cave_pools, minmay_misc_feat_hallway, rand_demon_pan_entry_4,
          hell_entry, minmay_acid_items
Depths:2: evilmike_halls_of_destruction, layout_cave_pools,
          grunt_hell_entry_dis_mu, minmay_fountain_box, serial_shops,
          kennysheep_mini, nicolae_shop_crystal, shop, nrook_pool_corridor
Depths:3: kennysheep_four_of_diamonds, layout_small_grid, special_room
          [special_room_mythical_zoo], pf_hell_entry_great_geh,
          grunt_pan_entry_spiral, kennysheep_small_spiral
Depths:4: hangedman_cross_stitches, layout_gridlike, ebering_ghost_gozag,
          hangedman_abyss_entry_splay, serial_bayou_pond_d,
          hangedman_coc_ice_floe, dk_noncrumbling_4,
          infiniplex_staircase_pillars_3b
Depths:5: grunt_crosshair, layout_basic, enter_ziggurat_c, hell_entry,
          abyss_entry_crystal, hangedman_decor_points, uniq_boris
Hell
Zot:1:    layout_onion_interference
Zot:2:    hangedman_orp_of_zott, layout_misc_corridors
Zot:3:    layout_gridlike, st_small_dragon_hoard_5
Zot:4:    layout_onion_interference, gammafunk_ghost_tricky_traps,
          skrybe_zot_glass_3
Zot:5:    layout_misc_corridors

Skill      XL: |  1  2  3  4  5  6  7  8  9 10 11 12 13 14 15 16 17 18 19 20 21 22 23 24 25 26 27 |
---------------+----------------------------------------------------------------------------------+-----
Stealth        | 5 6 7 8 9 10 11 12 13 14 18 | 18.0
Fighting       | 2 3 4 5 6 8 10 11 12 13 14 15 16 17 18 19 20 23 | 23.3
Dodging        | 1 2 3 4 5 6 7 8 10 11 12 13 14 15 17 | 17.5
Short Blades   | 2 3 4 5 6 7 8 9 |  9.7
Spellcasting   | 1 2 3 5 6 7 8 9 10 11 12 13 14 15 16 17 19 | 19.8
Throwing       | 2 3 4 5 6 7 8 10 | 10.1
Armour         | 1 3 4 5 6 7 8 9 10 12 | 12.9
Long Blades    | 4 5 6 9 11 12 13 14 15 16 19 | 19.7
Shields        | 2 3 4 5 6 7 8 9 10 11 12 | 12.8
Invocations    | 1 3 5 6 7 8 9 |  9.3
Evocations     | 1 2 |  2.6
Conjurations   | 1 2 3 5 10 | 10.0
Fire Magic     | 2 3 6 12 | 12.2
Earth Magic    | 3 5 |  5.0

Action                   |  1- 3 |  4- 6 |  7- 9 | 10-12 | 13-15 | 16-18 | 19-21 | 22-24 | 25-27 || total
-------------------------+-------+-------+-------+-------+-------+-------+-------+-------+-------++-------
Melee: Dagger            |   114 |   231 |   249 |   443 |  1229 |    12 |       |       |       ||  2278
       Bite              |    21 |    70 |   130 |   280 |   761 |   728 |   956 |   749 |  1984 ||  5679
       Falchion          |       |       |   136 |   352 |       |       |       |       |       ||   488
       Long sword        |       |       |       |       |    16 |       |       |       |       ||    16
       Demon blade       |       |       |       |       |   352 |  1178 |  1379 |  1131 |  2130 ||  6170
       Scimitar          |       |       |       |       |     4 |       |       |       |       ||     4
       Quick blade       |       |       |       |       |       |       |       |       |   885 ||   885
Throw: Dart              |    10 |    13 |    24 |    41 |     5 |       |    15 |    13 |    25 ||   146
       Boomerang         |       |       |       |     3 |    25 |    47 |       |   138 |   115 ||   328
       Javelin           |       |       |       |       |       |       |    26 |    31 |   117 ||   174
 Cast: Searing Ray       |       |       |       |     6 |     8 |       |       |       |       ||    14
       Fireball          |       |       |       |       |       |       |       |       |     3 ||     3
       Bolt of Magma     |       |       |       |       |       |       |       |       |     3 ||     3
Invok: Heroism           |       |       |       |     2 |    13 |     7 |    17 |     8 |     5 ||    52
       Finesse           |       |       |       |       |     9 |     7 |    11 |     7 |     4 ||    38
       Call Merchant     |       |       |       |       |       |       |       |       |     7 ||     7
       Potion Petition   |       |       |       |       |       |       |       |       |     1 ||     1
 Abil: Evoke Fog         |       |       |       |       |       |       |       |     1 |       ||     1
Evoke: Wand              |       |       |       |     8 |    11 |       |       |     5 |    10 ||    34
       Tin of tremorston |       |       |       |     3 |     3 |     5 |     5 |     8 |     6 ||    30
       Lightning rod     |       |       |       |       |       |     4 |       |     4 |     4 ||    12
       Box of beasts     |       |       |       |       |       |     1 |       |     1 |       ||     2
  Use: Scroll            |       |     6 |     4 |    10 |    14 |    10 |    10 |     5 |    30 ||    89
       Potion            |       |     2 |     2 |       |     9 |     1 |       |     1 |     9 ||    24
 Stab: Sleeping          |     3 |     6 |    15 |    20 |    36 |    44 |    24 |    20 |    79 ||   247
       Invisible         |       |     2 |       |       |       |       |       |       |       ||     2
       Distracted        |       |       |       |     1 |     3 |     4 |     7 |       |    52 ||    67
       Petrifying        |       |       |       |       |     1 |       |       |       |       ||     1
       Petrified         |       |       |       |       |       |     1 |       |       |       ||     1
  Eat: Chunk             |       |     7 |    16 |    26 |    30 |    29 |    20 |    18 |    12 ||   158
       Ration            |       |       |       |       |       |       |     1 |     1 |    16 ||    18
Armor: Robe              |    69 |    28 |    13 |       |       |       |       |       |       ||   110
       Leather armour    |       |       |    20 |       |       |       |       |       |       ||    20
       Skin              |       |       |    11 |       |       |       |       |       |       ||    11
       Ring mail         |       |       |    66 |    87 |       |       |       |       |       ||   153
       Troll leather arm |       |       |       |    80 |       |       |       |       |       ||    80
       Quicksilver drago |       |       |       |    40 |   241 |       |       |       |       ||   281
       Shadow dragon sca |       |       |       |       |   206 |   509 |   359 |   451 |   441 ||  1966
Dodge: Dodged            |    87 |    84 |   247 |   454 |   782 |   711 |   716 |   702 |  1333 ||  5116
Block: Buckler           |       |       |       |   153 |   305 |   321 |   494 |   464 |   692 ||  2429
       Reflection        |       |       |       |       |       |       |    13 |    25 |       ||    38
       Rpst.: Falchion   |       |       |    47 |    66 |       |       |       |       |       ||   113
       Long sword        |       |       |       |       |     2 |       |       |       |       ||     2
       Demon blade       |       |       |       |       |    46 |   127 |   155 |   129 |   209 ||   666
